 Dungeon Crawl Stone Soup version 0.14-a0-77-g9a1e883 (webtiles) character file.

1506 PolkaDot the Magician (level 8, 0/82 HPs)
             Began as a Demigod Wizard on Oct 1, 2013.
             Succumbed to a killer bee's poison
             ... on Level 7 of the Dungeon.
             The game lasted 00:25:19 (4615 turns).

PolkaDot the Magician (Demigod Wizard)              Turns: 4615, Time: 00:25:19

HP   0/82        AC  5     Str 16      XL: 8   Next:  4%
MP  10/24        EV 12     Int 26      God:
Gold 272         SH  0     Dex 15      Spells:  3 memorised, 12 levels left

Res.Fire  : + + .   See Invis. : .   n - +2 elf dagger (drain)
Res.Cold  : + . .   Warding    : .   v - +2 elf robe {rC+ rF+}
Life Prot.: . . .   Conserve   : .   (no shield)
Res.Poison: .       Res.Corr.  : .   b - +0 wizard hat
Res.Elec. : .       Clarity    : +   s - +0 cloak
Sust.Abil.: . .     Spirit.Shd : .   (no gloves)
Res.Mut.  : .       Stasis     : .   (no boots)
Res.Rott. : .       Flight     : .   (no amulet)
Saprovore : . . .                    (no ring)
                                     o - ring of protection from fire

@: berserking (expiring), quite poisoned, very quick, somewhat resistant to
hostile enchantments, extremely unstealthy
A: clarity
a: no special abilities


You were on level 7 of the Dungeon.
You were hungry.

You visited 1 branch of the dungeon, and saw 7 of its levels.

You collected 252 gold pieces.

Inventory:

Hand weapons
 f - a +1,+3 elven dagger of holy wrath
 n - a +2,+2 elven dagger of draining (weapon)
Armour
 b - a +0 wizard hat (worn)
 s - a +0 cloak (worn)
 v - a +2 elven robe of resistance (worn)
Magical devices
 h - a wand of polymorph (10)
 u - a wand of confusion (16)
Comestibles
 a - 2 apples
 d - 5 bread rations
 g - 3 meat rations
 m - a pear
 t - a banana
Scrolls
 e - 5 scrolls of remove curse {unknown}
 k - a scroll of teleportation
Jewellery
 o - a ring of protection from fire (left hand)
 w - an uncursed ring of ice
Potions
 l - a potion of berserk rage
 p - 2 potions of heal wounds {unknown}
 q - a potion of magic {unknown}
 A - a potion of poison {unknown}
Books
 c - a book of Minor Magic

   Spells                             Type                      Level
   *Magic Dart                        Conjuration                  1
   Blink                              Translocation                2
   Call Imp                           Summoning                    2
   Repel Missiles                     Charms/Air                   2
   Slow                               Hexes                        2
   *Conjure Flame                     Conjuration/Fire             3
   *Mephitic Cloud                    Conjuration/Poison/Air       3


   Skills:
 - Level 1.7 Dodging
 - Level 1.7 Stealth
 * Level 6.4 Spellcasting
 + Level 6.4 Conjurations
   Level 0.8 Summonings
   Level 0.8 Translocations


You had 12 spell levels left.
You knew the following spells:

 Your Spells              Type           Power        Failure   Level  Hunger
a - Magic Dart            Conj           ####         1%          1    None
d - Mephitic Cloud        Conj/Pois/Air  ###.....     10%         3    None
s - Conjure Flame         Conj/Fire      ####....     8%          3    None


Dungeon Overview and Level Annotations

Branches:
Dungeon (7/27)             Temple (0/1) D:6
    Orc: D:6-11

Shops:
D:6 /


Innate Abilities, Weirdness & Mutations

You possess an exceptional clarity of mind.


Message History

* * * LOW HITPOINT WARNING * * *
You are more poisoned.
The killer bee poisons you!
You are too berserk!
You barely miss the giant frog.
The giant frog is severely wounded.
The giant frog hits you but does no damage.
The killer bee stings you.
* * * LOW HITPOINT WARNING * * *
You are more poisoned.
The killer bee poisons you!
The orc throws a tomahawk.
The tomahawk misses you.
The tomahawk hits the killer bee.
You hit the giant frog.
The giant frog is almost dead.
* * * LOW HITPOINT WARNING * * *
You feel sick. The giant frog closely misses you.
The killer bee completely misses you.
You closely miss the giant frog.
The giant frog is almost dead.
You die...

... ..#
#.#####.
#........
#.o......#
#.........
#.........
#).k.....#
#"@F.....#
#........#
#.(......#
#.kk.....#
########.#


You could see a giant frog, 3 killer bees and an orc.

Vanquished Creatures
  A phantom (D:7)
  2 ogres
  Duvessa (D:4)
  5 killer bees (D:7)
  Dowan (D:4)
  2 crimson imps
  A hound (D:6)
  3 orc wizards
  Crazy Yiuf (D:3)
  An orc priest (D:4)
  3 scorpions
  An iguana (D:5)
  4 worker ants
  Jessica (D:3)
  7 gnolls
  4 adders
  A giant mite (D:1)
  A worm (D:1)
  An adder zombie (D:7)
  An ooze (D:6)
  21 orcs
  A ball python (D:1)
  9 bats
  5 giant cockroaches
  12 goblins
  18 hobgoblins
  7 jackals
  8 kobolds
  5 giant geckos
  A giant newt (D:2)
  A kobold zombie (D:6)
  2 quokkas
  8 rats
  A rat zombie (D:7)
141 creatures vanquished.

Vanquished Creatures (collateral kills)
  A killer bee (D:7)
1 creature vanquished.

Grand Total: 142 creatures vanquished

Notes
Turn   | Place    | Note
--------------------------------------------------------------
     0 | D:1      | PolkaDot, the Demigod Wizard, began the quest for the Orb.
     0 | D:1      | Reached XP level 1. HP: 12/12 MP: 7/7
     8 | D:1      | Reached skill level 1 in Conjurations
   286 | D:1      | Reached XP level 2. HP: 18/18 MP: 1/9
   299 | D:1      | Gained mutation: You possess an exceptional clarity of mind. [potion of beneficial mutation]
   847 | D:1      | Reached XP level 3. HP: 22/24 MP: 0/12
   852 | D:1      | Learned a level 3 spell: Conjure Flame
   856 | D:1      | Learned a level 3 spell: Mephitic Cloud
   942 | D:2      | Reached skill level 3 in Conjurations
  1223 | D:2      | Reached XP level 4. HP: 26/30 MP: 3/14
  1251 | D:2      | HP: 1/30 [gnoll/spear (5)]
  1253 | D:2      | Reached skill level 4 in Conjurations
  1931 | D:3      | Reached XP level 5. HP: 36/36 MP: 14/16
  2095 | D:3      | Noticed Crazy Yiuf
  2109 | D:3      | Killed Crazy Yiuf
  2273 | D:3      | Noticed Jessica
  2278 | D:3      | Killed Jessica
  2350 | D:4      | Reached skill level 5 in Conjurations
  2367 | D:4      | Noticed an ogre
  2376 | D:4      | Killed an ogre
  2376 | D:4      | Reached XP level 6. HP: 36/42 MP: 2/19
  2413 | D:4      | Noticed Duvessa
  2487 | D:4      | Noticed Dowan
  2492 | D:4      | Killed Duvessa
  2508 | D:4      | Killed Dowan
  3002 | D:4      | Reached XP level 7. HP: 29/48 MP: 7/22
  3204 | D:5      | Entered Level 5 of the Dungeon
  3224 | D:5      | Reached skill level 5 in Spellcasting
  3873 | D:6      | Found Fanorewnu's Magical Wand Shop.
  3972 | D:6      | Reached skill level 6 in Conjurations
  4436 | D:6      | Found a staircase to the Ecumenical Temple.
  4603 | D:7      | Reached XP level 8. HP: 36/55 MP: 9/24
  4613 | D:7      | HP: 2/82 [killer bee (4)]
  4615 | D:7      | Succumbed to a killer bee's poison

Action                   |  1- 3 |  4- 6 |  7- 9 || total
-------------------------+-------+-------+-------++-------
Melee: Unarmed           |    26 |       |       ||    26
       Dagger            |       |    50 |    47 ||    97
 Cast: Magic Dart        |    97 |   148 |   139 ||   384
       Mephitic Cloud    |       |     8 |     5 ||    13
       Conjure Flame     |       |     4 |     3 ||     7
Evoke: Wand              |       |     1 |       ||     1
  Use: Potion            |     3 |     2 |     1 ||     6
       Scroll            |       |     5 |     4 ||     9
 Stab: Sleeping          |       |     1 |     1 ||     2
       Confused          |       |     1 |     2 ||     3
